 Dungeon Crawl Stone Soup version 0.21.1-1-g345015f (webtiles) character file.

38 Monsterracer the Firebug (level 3, 14/14 HPs)
             Began as a Felid Fire Elementalist on Feb 10, 2018.
             Quit the game on level 3 of the Dungeon.
             The game lasted 00:03:56 (2606 turns).

Monsterracer the Firebug (Felid Fire Elementalist)  Turns: 2606, Time: 00:03:57

Health: 14/14      AC:  1    Str:  4    XL:     3   Next: 25%
Magic:  7/7        EV: 18    Int: 17    God:
Gold:   60         SH:  0    Dex: 16    Spells: 0/7 levels left
                                        Lives:  0   Deaths: 1

rFire    . . .     SeeInvis +   (weapon unavailable)
rCold    . . .     Gourm    .   (shield unavailable)
rNeg     . . .     Faith    .   (armour unavailable)
rPois    .         Spirit   .   (helmet unavailable)
rElec    .         Reflect  .   (cloak unavailable)
rCorr    .         Harm     .   (gloves unavailable)
MR       .....                  (boots unavailable)
Stlth    +++.......             (no amulet)
HPRegen  0.04/turn              (no ring)
MPRegen  0.10/turn              (no ring)

@: quick
A: very small, no armour, no weapons or thrown items, stealth, claws 1, fangs 3,
see invisible, carnivore, speed 1, shaggy fur 1, slow metabolism 1, sharp paws
a: no special abilities


You were on level 3 of the Dungeon.
You were not hungry.

You visited 1 branch of the dungeon, and saw 3 of its levels.

You collected 60 gold pieces.

Inventory:

Scrolls
 b - 2 scrolls of enchant armour {unknown}
 f - 2 scrolls of teleportation {unknown}
 g - a scroll of identify {unknown}
 i - a scroll of enchant weapon {unknown}
 k - a scroll of amnesia {unknown}
Potions
 d - 2 potions of haste {unknown}
 e - a potion of flight {unknown}
 h - a potion of might {unknown}
 j - a potion of degeneration {unknown}
Books
 a - a book of Flames

   Spells                             Type                      Level
   a - Flame Tongue                   Conjuration/Fire             1
   b - Throw Flame                    Conjuration/Fire             2
   c - Conjure Flame                  Conjuration/Fire             3
   d - Inner Flame                    Hexes/Fire                   3
   e - Sticky Flame                   Conjuration/Fire             4
   f - Fireball                       Conjuration/Fire             5
Comestibles
 c - 5 rations


   Skills:
 - Level 2.6 Dodging
 - Level 2.6 Stealth
 + Level 2.5 Spellcasting
 * Level 2.4 Conjurations
 * Level 3.6 Fire Magic


You couldn't memorise any spells.
You knew the following spells:

 Your Spells              Type           Power        Failure   Level  Hunger
a - Flame Tongue          Conj/Fire      ##...        5%          1    #......
b - Conjure Flame         Conj/Fire      ##......     16%         3    ###....
c - Sticky Flame          Conj/Fire      ##......     45%         4    #####..


Dungeon Overview and Level Annotations

Branches:
Dungeon (3/15)

Altars:


Innate Abilities, Weirdness & Mutations

You cannot wear armour.
You are incapable of wielding weapons or throwing items.
Your paws allow you to move quietly. (Stealth)
You have sharp claws.
You have razor-sharp teeth.
You have supernaturally acute eyesight. (SInv)
You are carnivorous and can eat meat at any time.
You cover ground quickly.
You are covered in fur. (AC +1)
You have a slow metabolism.
Your sharp claws are effective at attacking unaware monsters.


Message History

Press: ? - help, Shift-Dir - straight line, f - orc
Aim: an orc, wielding a flail and wearing a chain mail (hasn't noticed you)
The flame tongue hits the orc.
The orc appears unharmed.
You now have 7/8 mp.
An orc is nearby!
Unknown command.
Casting: Flame Tongue
Confirm with . or Enter, or press ? or * to list all spells.
Aiming: Flame Tongue
Press: ? - help, Shift-Dir - straight line, f/p - orc
Aim: an orc, wielding a flail and wearing a chain mail The flame tongue hits the orc.
The orc appears unharmed.
The orc misses you.
You now have 6/8 mp.
Casting: Flame Tongue
Confirm with . or Enter, or press ? or * to list all spells.
Aiming: Flame Tongue
Press: ? - help, Shift-Dir - straight line, f/p - orc
Aim: an orc, wielding a flail and wearing a chain mail The flame tongue hits the orc.
The orc appears unharmed.
The orc hits you with a flail.
You take 1 damage, and have 17/18 hp.
You now have 5/8 mp.
Casting: Flame Tongue
Confirm with . or Enter, or press ? or * to list all spells.
Aiming: Flame Tongue
Press: ? - help, Shift-Dir - straight line, f/p - orc
Aim: an orc, wielding a flail and wearing a chain mail The flame tongue hits the orc.
The orc is moderately wounded.
You now have 4/8 mp.
Casting: Flame Tongue
Confirm with . or Enter, or press ? or * to list all spells.
Aiming: Flame Tongue
Press: ? - help, Shift-Dir - straight line, f/p - orc
Aim: an orc, wielding a flail and wearing a chain mail (moderately wounded)
The flame tongue hits the orc.
The orc appears unharmed.
The orc is moderately wounded.
The orc misses you.
You now have 3/8 mp.
An orc is nearby!
Casting: Flame Tongue
Confirm with . or Enter, or press ? or * to list all spells.
Aiming: Flame Tongue
Press: ? - help, Shift-Dir - straight line, f/p - orc
Aim: an orc, wielding a flail and wearing a chain mail (moderately wounded)
The flame tongue hits the orc.
You kill the orc!
You now have 2/8 mp.
Casting: Flame Tongue
Confirm with . or Enter, or press ? or * to list all spells.
You can't see any susceptible monsters within range! (Use Z to cast anyway.) Unknown command.
HP restored.
Health restored: 18 An orc wizard is nearby!
Casting: Flame Tongue
Confirm with . or Enter, or press ? or * to list all spells.
Aiming: Flame Tongue
Press: ? - help, Shift-Dir - straight line, f - orc wizard
Aim: an orc wizard, wielding a dagger and wearing a robe (hasn't noticed you)
The flame tongue hits the orc wizard.
The orc wizard is moderately wounded.
The orc wizard shouts!
The orc wizard points at you and mumbles some strange words.
The puff of frost hits you!
Ouch! That really hurt!
* * * LOW HITPOINT WARNING * * *
You take 9 damage, and have 9/18 hp.
MASSIVE DAMAGE!!
You now have 2/8 mp.
Casting: Flame Tongue
Confirm with . or Enter, or press ? or * to list all spells.
Aiming: Flame Tongue
Press: ? - help, Shift-Dir - straight line, f/p - orc wizard
Aim: an orc wizard, wielding a dagger and wearing a robe (moderately wounded)
The flame tongue hits the orc wizard.
The orc wizard is severely wounded.
The orc wizard looks satisfied for a moment.
You now have 1/8 mp.
Unknown command.
Casting: Flame Tongue
Confirm with . or Enter, or press ? or * to list all spells.
Aiming: Flame Tongue
Press: ? - help, Shift-Dir - straight line, f/p - orc wizard
Aim: an orc wizard, wielding a dagger and wearing a robe (severely wounded)
The flame tongue misses the orc wizard.
Casting: Flame Tongue
Confirm with . or Enter, or press ? or * to list all spells.
Aiming: Flame Tongue
Press: ? - help, Shift-Dir - straight line, f/p - orc wizard
Aim: an orc wizard, wielding a dagger and wearing a robe (severely wounded)
The flame tongue hits the orc wizard.
The orc wizard is almost dead.
The orc wizard points at you and mumbles some strange words.
The puff of flame hits you!
* * * LOW HITPOINT WARNING * * *
You take 4 damage, and have 5/18 hp.
MASSIVE DAMAGE!!
You now have 0/8 mp.
The orc wizard hits you with a dagger.
You die...
You are now level 3!
You rejoin the land of the living...
Health restored: 14; MP restored: 7 Are you sure you want to abandon this character and quit the game? (Confirm with "yes".)

...# # ... # ..
#####+##. ######
#.......# #.....
#.......###########.####
#.......................
#####.#.###########.####
#.#@# #.# #.#.# #####.#
###.#.# #.....# #...#.#
#.....# #...#.# #.....#
#...#.# ###.....#
#)..#.# #.......#
###.#.# #.####### #.#<#
#.#


There were no monsters in sight!

Vanquished Creatures
  Terence (D:2)
  An adder (D:2)
  A worm (D:2)
  2 dart slugs (D:1)
  A leopard gecko (D:1)
  2 orcs (D:3)
  A giant cockroach (D:1)
  6 goblins
  6 hobgoblins
  A ball python (D:2)
  3 bats
  3 frilled lizards
  8 kobolds
  8 rats
44 creatures vanquished.

Notes
Turn   | Place    | Note
-------+----------+-------------------------------------------
     0 | D:1      | Monsterracer the Felid Fire Elementalist began the quest for the Orb.
     0 | D:1      | Reached XP level 1. HP: 7/7 MP: 4/4
    11 | D:1      | Reached skill level 1 in Conjurations
   268 | D:1      | Reached XP level 2. HP: 11/11 MP: 4/6
   363 | D:1      | Reached skill level 3 in Fire Magic
   896 | D:1      | HP: 5/11 [hobgoblin (1)]
   937 | D:1      | HP: 3/11 [kobold (3)]
  1267 | D:1      | Reached XP level 3. HP: 14/14 MP: 0/7
  1273 | D:1      | Learned a level 3 spell: Conjure Flame
  1868 | D:2      | Noticed Terence
  1875 | D:2      | HP: 7/14 [Terence/hand axe (7)]
  1945 | D:2      | Killed Terence
  1945 | D:2      | Reached XP level 4. HP: 12/18 MP: 0/8
  2201 | D:2      | Learned a level 4 spell: Sticky Flame
  2601 | D:3      | HP: 9/18 [orc wizard/puff of frost (9)]
  2605 | D:3      | Slain by an orc wizard
  2606 | D:3      | Reached XP level 3. HP: 0/14 MP: 0/7
  2606 | D:3      | Quit the game

Skill      XL: |  1  2  3 |
---------------+----------+-----
Conjurations   | 1 2 |  2.4
Fire Magic     | 3 |  3.6
Dodging        | |  2.6
Stealth        | |  2.6
Spellcasting   | |  2.5

Action                   |  1- 3 |  4- 6 || total
-------------------------+-------+-------++-------
Melee: Unarmed           |     5 |       ||     5
       Bite              |     1 |       ||     1
 Cast: Flame Tongue      |    71 |    27 ||    98
  Eat: Chunk             |     9 |     2 ||    11
Armor: Skin              |     2 |       ||     2
Dodge: Dodged            |    16 |     5 ||    21

Vault maps used:
D:1:      dpeg_arrival_simpleton_b, minmay_stone_trees_medium,
          minmay_tromino_v4_a
D:2:      uniq_terence
D:3:      first_ration, trog_book, uniq_grinder
